SAAA
PURE MICHIGAN GREAT LAKERS @ PHOENIX HOTSPUR RESERVES
08/17/2024
 
TOP OF THE 1ST
Pure Michigan Great Lakers batting - Pitching for Phoenix Hotspur Reserves : RHP Alin Oanta
Pitching: RHP Alin Oanta
Batting: SHB Valentín Guzmán 0-0: Ball
1-0: Ball
2-0: Ball
3-0: Called Strike
3-1: DOUBLE (Line Drive, 9LM)
Batting: RHB Javier Rivera 0-0: Ball
1-0: Ball
2-0: Ground out 5-3 (Groundball, 56)
Batting: LHB Mario Cruz 0-0: Swinging Strike
0-1: Ball
1-1: Foul Ball, location: 2F
1-2: Strikes out swinging
Batting: RHB Ron Ward 0-0: Ball
1-0: Ball
2-0: DOUBLE (Flyball, 8LXD)
Valentín Guzmán scores
Batting: LHB Sean Angwin 0-0: Foul Ball, location: 2F
0-1: Ball
1-1: Ball
2-1: Swinging Strike
2-2: SINGLE (Line Drive, 3L)
Ron Ward to third
Runner from 3rd tries for Home, throw and OUT!
Top of the 1st over - 1 run(s), 3 hit(s), 0 error(s), 1 left on base; Pure Michigan 1 - Phoenix 0
BOTTOM OF THE 1ST
Phoenix Hotspur Reserves batting - Pitching for Pure Michigan Great Lakers : LHP Ezio Deodato
Pitching: LHP Ezio Deodato
Batting: RHB David Rivas 0-0: Called Strike
0-1: Ball
1-1: Called Strike
1-2: Foul Ball, location: 2F
1-2: Foul Ball, location: 2F
1-2: Ball
2-2: Ground out 4-3 (Groundball, 4M)
Batting: RHB Satoshi Terada 0-0: Ball
1-0: Ground out 6-3 (Groundball, 56)
Batting: RHB Shohei Kiyomizu 0-0: Ball
1-0: Called Strike
1-1: SINGLE (Groundball, 4MD)
Batting: RHB Al Thomas 0-0: Called Strike
0-1: Called Strike
0-2: Strikes out swinging
Bottom of the 1st over - 0 run(s), 1 hit(s), 0 error(s), 1 left on base; Pure Michigan 1 - Phoenix 0
TOP OF THE 2ND
Pure Michigan Great Lakers batting - Pitching for Phoenix Hotspur Reserves : RHP Alin Oanta
Batting: RHB Pablo León 0-0: Called Strike
0-1: Ball
1-1: DOUBLE (Groundball, 3D)
Batting: RHB Zong-yuan Fung 0-0: Ball
1-0: Foul Ball, location: 2F
1-1: Ball
2-1: Ball
3-1: Called Strike
3-2: Strikes out swinging
Batting: RHB Ramiro Gonzáles 0-0: Ball
1-0: Ball
2-0: Called Strike
2-1: Called Strike
2-2: Strikes out looking
Batting: RHB Bill Childers 0-0: Called Strike
0-1: Ball
1-1: Foul Ball, location: 2F
1-2: Strikes out swinging
Top of the 2nd over - 0 run(s), 1 hit(s), 0 error(s), 1 left on base; Pure Michigan 1 - Phoenix 0
BOTTOM OF THE 2ND
Phoenix Hotspur Reserves batting - Pitching for Pure Michigan Great Lakers : LHP Ezio Deodato
Batting: LHB Joaquín Rangel 0-0: Ball
1-0: Ball
2-0: Swinging Strike
2-1: Foul Ball, location: 2F
2-2: Strikes out looking
Batting: RHB Jesús Álvarez 0-0: Ball
1-0: Ball
2-0: Ball
3-0: Called Strike
3-1: SINGLE (Line Drive, 6M)
Batting: SHB Jesús González 0-0: Foul Ball, location: 2F
0-1: SINGLE (Groundball, 4MD)
Jesús Álvarez to second
Batting: RHB Ben Anderson 0-0: Called Strike
0-1: Ball
Jesús Álvarez steals 3rd base
Jesús González to second
1-1: Called Strike
1-2: Ball
2-2: Foul Ball, location: 2F
2-2: Ball
3-2: Foul Ball, location: 2F
3-2: Foul Ball, location: 2F
3-2: Foul Ball, location: 2F
3-2: Ground out 6-3 (Groundball, 6)
Jesús Álvarez scores
Batting: RHB Juan Banda 0-0: Ball
1-0: Ball
2-0: Ball
3-0: Foul Ball, location: 2F
3-1: Called Strike
3-2: Strikes out swinging
Bottom of the 2nd over - 1 run(s), 2 hit(s), 0 error(s), 1 left on base; Pure Michigan 1 - Phoenix 1
TOP OF THE 3RD
Pure Michigan Great Lakers batting - Pitching for Phoenix Hotspur Reserves : RHP Alin Oanta
Batting: SHB Valentín Guzmán 0-0: Called Strike
0-1: Called Strike
0-2: Ball
1-2: Fly out, F8 (Flyball, 8RD)
Batting: RHB Javier Rivera 0-0: Called Strike
0-1: Foul Ball, location: 2F
0-2: Strikes out swinging
Batting: LHB Mario Cruz 0-0: Ground out U3 (Groundball, 3S)
Top of the 3rd over - 0 run(s), 0 hit(s), 0 error(s), 0 left on base; Pure Michigan 1 - Phoenix 1
BOTTOM OF THE 3RD
Phoenix Hotspur Reserves batting - Pitching for Pure Michigan Great Lakers : LHP Ezio Deodato
Batting: RHB David Rivas 0-0: Called Strike
0-1: Ball
1-1: Ball
2-1: Ground out 4-3 (Groundball, 4)
Batting: RHB Satoshi Terada 0-0: Hit by Pitch
Batting: RHB Shohei Kiyomizu 0-0: Called Strike
0-1: Ball
1-1: Ball
2-1: Fielders Choice at 2nd, 6-4 (Groundball, 6)
Batting: RHB Al Thomas 0-0: Ball
1-0: Ball
2-0: Foul Ball, location: 2F
2-1: Foul Ball, location: 2F
2-2: Ground out U3 (Groundball, 3L)
Bottom of the 3rd over - 0 run(s), 0 hit(s), 0 error(s), 1 left on base; Pure Michigan 1 - Phoenix 1
TOP OF THE 4TH
Pure Michigan Great Lakers batting - Pitching for Phoenix Hotspur Reserves : RHP Alin Oanta
Batting: RHB Ron Ward 0-0: Ground out 6-3 (Groundball, 6M)
Batting: LHB Sean Angwin 0-0: Ball
1-0: Ground out U3 (Groundball, 3)
Batting: RHB Pablo León 0-0: Ball
1-0: Called Strike
1-1: SINGLE (Groundball, 25) (infield hit)
Batting: RHB Zong-yuan Fung 0-0: Ball
1-0: Ball
2-0: Called Strike
2-1: Ground out 4-3 (Groundball, 4)
Top of the 4th over - 0 run(s), 1 hit(s), 0 error(s), 1 left on base; Pure Michigan 1 - Phoenix 1
BOTTOM OF THE 4TH
Phoenix Hotspur Reserves batting - Pitching for Pure Michigan Great Lakers : LHP Ezio Deodato
Batting: LHB Joaquín Rangel 0-0: Foul Ball, location: 2F
0-1: Ball
1-1: Ball
2-1: Called Strike
2-2: SINGLE (Line Drive, 9LS)
Batting: RHB Jesús Álvarez 0-0: Ball
1-0: Foul Ball, location: 2F
1-1: Ball
2-1: Foul Ball, location: 2F
2-2: Ball
3-2: Foul Ball, location: 2F
3-2: Foul Ball, location: 2F
3-2: Strikes out swinging
Batting: SHB Jesús González 0-0: Foul Ball, location: 2F
0-1: Ball
1-1: Fly out, F6 (Popup, 6)
Batting: RHB Ben Anderson 0-0: Ball
1-0: SINGLE (Groundball, 34D)
Joaquín Rangel to second
Runner from 2nd tries for 3rd, OUT!
Bottom of the 4th over - 0 run(s), 2 hit(s), 0 error(s), 1 left on base; Pure Michigan 1 - Phoenix 1
TOP OF THE 5TH
Pure Michigan Great Lakers batting - Pitching for Phoenix Hotspur Reserves : RHP Alin Oanta
Batting: RHB Ramiro Gonzáles 0-0: DOUBLE (Groundball, 5L)
Batting: RHB Bill Childers 0-0: Ball
1-0: Ball
2-0: Foul Ball, location: 2F
2-1: Ball
3-1: Bunted foul
3-2: SINGLE (Groundball, 6M)
Ramiro Gonzáles to third
Runner from 3rd tries for Home, SAFE, throw made home
Bill Childers to second
Batting: SHB Valentín Guzmán 0-0: Called Strike
0-1: Ball
1-1: Foul Ball, location: 2F
1-2: Ball
2-2: Foul Ball, location: 2F
2-2: SINGLE (Groundball, 4MD)
Bill Childers to third
Batting: RHB Javier Rivera 0-0: Ball
1-0: Ball
2-0: Foul Ball, location: 2F
2-1: Called Strike
2-2: Ball
3-2: Strikes out swinging
Batting: LHB Mario Cruz 0-0: Ball
1-0: Called Strike
1-1: SINGLE (Flyball, 7LS)
Bill Childers scores
Valentín Guzmán to second
Batting: RHB Ron Ward 0-0: Grounds into double play, 4-6-3 (Groundball, 34)
Top of the 5th over - 2 run(s), 4 hit(s), 0 error(s), 1 left on base; Pure Michigan 3 - Phoenix 1
BOTTOM OF THE 5TH
Phoenix Hotspur Reserves batting - Pitching for Pure Michigan Great Lakers : LHP Ezio Deodato
Batting: RHB Juan Banda 0-0: Fly out, F7 (Line Drive, 7D)
Batting: RHB David Rivas 0-0: Swinging Strike
0-1: DOUBLE (Flyball, 7LM)
Batting: RHB Satoshi Terada 0-0: Ball
1-0: Ball
2-0: Called Strike
2-1: Ball
3-1: Base on Balls
Batting: RHB Shohei Kiyomizu 0-0: Ball
1-0: Ball
2-0: Foul Ball, location: 2F
2-1: Swinging Strike
2-2: Foul Ball, location: 2F
2-2: Strikes out swinging
Batting: RHB Al Thomas 0-0: Foul Ball, location: 2F
0-1: Foul Ball, location: 2F
0-2: Ball
Wild Pitch!
David Rivas to third
Satoshi Terada to second
1-2: Ground out 5-3 (Groundball, 5)
Bottom of the 5th over - 0 run(s), 1 hit(s), 0 error(s), 2 left on base; Pure Michigan 3 - Phoenix 1
TOP OF THE 6TH
Pure Michigan Great Lakers batting - Pitching for Phoenix Hotspur Reserves : RHP Alin Oanta
Batting: LHB Sean Angwin 0-0: Called Strike
0-1: Ball
1-1: Foul Ball, location: 2F
1-2: Foul Ball, location: 2F
1-2: Strikes out looking
Batting: RHB Pablo León 0-0: Ball
1-0: Called Strike
1-1: Called Strike
1-2: Ground out 4-3 (Groundball, 4)
Batting: RHB Zong-yuan Fung 0-0: Ground out 5-3 (Groundball, 56)
Top of the 6th over - 0 run(s), 0 hit(s), 0 error(s), 0 left on base; Pure Michigan 3 - Phoenix 1
BOTTOM OF THE 6TH
Phoenix Hotspur Reserves batting - Pitching for Pure Michigan Great Lakers : LHP Ezio Deodato
Batting: LHB Joaquín Rangel 0-0: Ball
1-0: Fly out, F6 (Line Drive, 6)
Batting: RHB Jesús Álvarez 0-0: Called Strike
0-1: Ball
1-1: Ball
2-1: Foul Ball, location: 2F
2-2: Ball
3-2: Ground out 5-3 (Groundball, 5S)
Batting: SHB Jesús González 0-0: Ball
1-0: Ball
2-0: Called Strike
2-1: Foul Ball, location: 2F
2-2: SINGLE (Line Drive, 56D)
Batting: RHB Ben Anderson 0-0: Fly out, F8 (Flyball, 8LM)
Bottom of the 6th over - 0 run(s), 1 hit(s), 0 error(s), 1 left on base; Pure Michigan 3 - Phoenix 1
TOP OF THE 7TH
Pure Michigan Great Lakers batting - Pitching for Phoenix Hotspur Reserves : RHP Alin Oanta
Batting: RHB Ramiro Gonzáles 0-0: Called Strike
0-1: Fly out, F7 (Flyball, 7M)
Batting: RHB Bill Childers 0-0: Called Strike
0-1: Foul Ball, location: 2F
0-2: Ball
1-2: Ball
2-2: Ball
3-2: Fly out, F8 (Line Drive, 8LM)
Batting: SHB Valentín Guzmán 0-0: Called Strike
0-1: Ball
1-1: Ground out 4-3 (Groundball, 4)
Top of the 7th over - 0 run(s), 0 hit(s), 0 error(s), 0 left on base; Pure Michigan 3 - Phoenix 1
BOTTOM OF THE 7TH
Phoenix Hotspur Reserves batting - Pitching for Pure Michigan Great Lakers : LHP Ezio Deodato
Batting: RHB Juan Banda 0-0: Called Strike
0-1: Foul Ball, location: 2F
0-2: Strikes out swinging
Batting: RHB David Rivas 0-0: Swinging Strike
0-1: Ball
1-1: Ball
2-1: DOUBLE (Flyball, 8RXD)
Pitching: RHP Robert Dickinson
Batting: RHB Satoshi Terada 0-0: Foul Ball, location: 2F
0-1: SINGLE (Line Drive, 4)
David Rivas to third
Runner from 3rd tries for Home, SAFE, no throw or cutoff
Pitching: LHP José Guerrero
Batting: RHB Shohei Kiyomizu 0-0: Ball
1-0: Ball
2-0: Ball
3-0: Called Strike
3-1: Base on Balls
Satoshi Terada to second
Batting: RHB Al Thomas 0-0: Fly out, F8 (Line Drive, 8LM)
Batting: LHB Joaquín Rangel 0-0: Ball
1-0: Ball
2-0: Ball
3-0: Called Strike
3-1: Base on Balls
Satoshi Terada to third
Shohei Kiyomizu to second
Batting: RHB Jesús Álvarez 0-0: Ball
1-0: Ball
2-0: Foul Ball, location: 2F
2-1: Ball
3-1: Base on Balls
Satoshi Terada scores
Shohei Kiyomizu to third
Joaquín Rangel to second
Batting: SHB Jesús González 0-0: Ball
1-0: SINGLE (Line Drive, 6D)
Shohei Kiyomizu scores
Joaquín Rangel to third
Jesús Álvarez to second
Batting: RHB Ben Anderson 0-0: Called Strike
0-1: Ball
1-1: Fly out, F8 (Flyball, 8RM)
Bottom of the 7th over - 3 run(s), 3 hit(s), 0 error(s), 3 left on base; Pure Michigan 3 - Phoenix 4
TOP OF THE 8TH
Pure Michigan Great Lakers batting - Pitching for Phoenix Hotspur Reserves : RHP Alin Oanta
Batting: RHB Javier Rivera 0-0: Ground out 6-3 (Groundball, 6)
Batting: LHB Mario Cruz 0-0: Swinging Strike
0-1: Fly out, F3 (Flyball, 9S)
Batting: RHB Ron Ward 0-0: Ball
1-0: Ball
2-0: Ball
3-0: Fly out, F6 (Line Drive, 6)
Top of the 8th over - 0 run(s), 0 hit(s), 0 error(s), 0 left on base; Pure Michigan 3 - Phoenix 4
BOTTOM OF THE 8TH
Phoenix Hotspur Reserves batting - Pitching for Pure Michigan Great Lakers : LHP José Guerrero
Batting: RHB Juan Banda 0-0: Foul Ball, location: 2F
0-1: Swinging Strike
0-2: Ball
1-2: Strikes out looking
Batting: RHB David Rivas 0-0: Foul Ball, location: 2F
0-1: Foul Ball, location: 2F
0-2: Foul Ball, location: 2F
0-2: Foul Ball, location: 2F
0-2: Foul Ball, location: 2F
0-2: SINGLE (Flyball, 9LS)
Batting: RHB Satoshi Terada 0-0: Ball
1-0: Ball
2-0: Ball
3-0: Called Strike
3-1: Foul Ball, location: 2F
3-2: DOUBLE (Flyball, 8RD)
David Rivas to third
David Rivas scores
Pitching: RHP Jim Unknown
Batting: RHB Shohei Kiyomizu 0-0: Foul Ball, location: 2F
0-1: Ball
1-1: Ball
2-1: Ball
3-1: Base on Balls
Batting: RHB Al Thomas 0-0: Ball
1-0: Called Strike
1-1: Foul Ball, location: 2F
1-2: SINGLE (Line Drive, 4D)
Satoshi Terada to third
Shohei Kiyomizu to second
Batting: LHB Joaquín Rangel 0-0: Ball
1-0: Foul Ball, location: 2F
1-1: Called Strike
1-2: Strikes out swinging
Pinch Hitting: RHB Júlio Mateo 0-0: Ball
1-0: Fly out, F3 (Popup, 3SF)
Bottom of the 8th over - 1 run(s), 3 hit(s), 0 error(s), 3 left on base; Pure Michigan 3 - Phoenix 5
TOP OF THE 9TH
Pure Michigan Great Lakers batting - Pitching for Phoenix Hotspur Reserves : RHP Alin Oanta
Pitching: LHP Raúl Gonzáles
Now at 2B: Raúl González
Batting: LHB Sean Angwin 0-0: Called Strike
0-1: Called Strike
0-2: Ball
1-2: Strikes out swinging
Batting: RHB Pablo León 0-0: Ball
1-0: Ball
2-0: Called Strike
2-1: Foul Ball, location: 2F
2-2: Foul Ball, location: 2F
2-2: Strikes out swinging
Batting: RHB Zong-yuan Fung 0-0: Called Strike
0-1: Ball
1-1: Ball
2-1: DOUBLE (Flyball, 7LM)
Pinch Hitting: RHB Lonnie Conrad 0-0: SINGLE (Flyball, 9LS)
Zong-yuan Fung to third
Runner from 3rd tries for Home, SAFE, no throw or cutoff
Pinch Runner at 1st Bartolo Benítez:
Batting: RHB Bill Childers 0-0: SINGLE (Line Drive, 34D)
Bartolo Benítez to second
Runner from 2nd tries for 3rd, SAFE, no throw or cutoff
Pinch Hitting: SHB Mike Barton 0-0: Called Strike
0-1: Foul Ball, location: 2F
0-2: DOUBLE (Flyball, 9M)
Bartolo Benítez scores
Bill Childers to third
Runner from 3rd tries for Home, SAFE, no throw or cutoff
Pitching: LHP Joey Dudley
Batting: RHB Javier Rivera 0-0: Ground out 5-3 (Groundball, 5S)
Top of the 9th over - 3 run(s), 4 hit(s), 0 error(s), 1 left on base; Pure Michigan 6 - Phoenix 5
BOTTOM OF THE 9TH
Phoenix Hotspur Reserves batting - Pitching for Pure Michigan Great Lakers : RHP Jim Unknown
Pitching: RHP Jim Unknown
Now at C: Mike Barton
Now in LF: Bartolo Benítez
Batting: SHB Jesús González 0-0: Foul Ball, location: 2F
0-1: SINGLE (Line Drive, 7S)
Batting: RHB Ben Anderson 0-0: Sac Bunt - play at first, batter OUT! 2-4
Jesús González to second
Pinch Hitting: LHB Rubén López 0-0: Ball
1-0: Ball
2-0: Ball
3-0: Called Strike
3-1: Foul Ball, location: 2F
3-2: Ground out 4-3 (Groundball, 4)
Jesús González to third
Pinch Hitting: LHB Jim Unknown 0-0: Called Strike
0-1: Ball
1-1: Foul Ball, location: 2F
1-2: DOUBLE (Line Drive, 8RXD)
Jesús González scores
Batting: RHB Satoshi Terada 0-0: Ball
1-0: Swinging Strike
1-1: Ball
2-1: Foul Ball, location: 2F
2-2: Strikes out swinging
Bottom of the 9th over - 1 run(s), 2 hit(s), 0 error(s), 1 left on base; Pure Michigan 6 - Phoenix 6
TOP OF THE 10TH
Pure Michigan Great Lakers batting - Pitching for Phoenix Hotspur Reserves : LHP Joey Dudley
Pitching: LHP Ray Davis
Now at SS: Bob Curry
Now in LF: Jim Unknown
Batting: LHB Mario Cruz 0-0: Foul Ball, location: 2F
0-1: Called Strike
0-2: Strikes out swinging
Batting: RHB Ron Ward 0-0: Ball
1-0: Ball
2-0: Ball
3-0: Base on Balls
Pinch Hitting: RHB Jim Unknown 0-0: Ball
1-0: Ball
2-0: Ball
3-0: Base on Balls
Ron Ward to second
Batting: RHB Pablo León 0-0: Called Strike
0-1: Foul Ball, location: 2F
0-2: Foul Ball, location: 2F
0-2: Grounds into double play, 6-4-3 (Groundball, 6M)
Top of the 10th over - 0 run(s), 0 hit(s), 0 error(s), 1 left on base; Pure Michigan 6 - Phoenix 6
BOTTOM OF THE 10TH
Phoenix Hotspur Reserves batting - Pitching for Pure Michigan Great Lakers : RHP Jim Unknown
Now in CF: Jim Unknown
Batting: RHB Shohei Kiyomizu 0-0: Ground out 5-3 (Groundball, 5)
Batting: RHB Al Thomas 0-0: Ball
1-0: Foul Ball, location: 2F
1-1: SINGLE (Groundball, 56S)
Batting: LHB Joaquín Rangel 0-0: Called Strike
0-1: Foul Ball, location: 2F
0-2: Foul Ball, location: 2F
0-2: Strikes out swinging
Batting: RHB Raúl González 0-0: TRIPLE (Groundball, 3L)
Al Thomas scores
This league is powered by Out of the Park Baseball, the baseball management simulation game for PC, Mac and Linux
Monday, October 3rd, 2016 - OOTP Baseball 16.9 Build 39